 Dungeon Crawl Stone Soup version 0.19-a0-1008-g4c63d25 (webtiles) character file.

113 mistymad the Magician (level 4, 0/24 HPs)
             Began as a Deep Elf Wizard on July 22, 2016.
             Slain by an orc (5 damage)
             ... on level 3 of the Dungeon.
             The game lasted 00:10:09 (2334 turns).

mistymad the Magician (Deep Elf Wizard)             Turns: 2334, Time: 00:10:10

Health: 0/24       AC:  2    Str:  4    XL:     4   Next: 65%
Magic:  4/13       EV:  8    Int: 24    God:
Gold:   235        SH:  0    Dex: 13    Spells: 5 memorised, 3 levels left

rFire  . . .     SeeInvis .     l - +0 dagger
rCold  . . .     Gourm    .     a - +0 robe
rNeg   . . .     Faith    .     (no shield)
rPois  .         Spirit   .     b - +0 hat
rElec  .         Dismiss  .     (no cloak)
rCorr  .         Reflect  .     (no gloves)
SustAt .         Harm     .     (no boots)
MR     .....                    (no amulet)
Stlth  ++........               (no ring)
                                (no ring)

@: repel missiles, not resistant to hostile enchantments, unstealthy
A: no striking features
a: no special abilities


You were on level 3 of the Dungeon.
You were not hungry.

You visited 1 branch of the dungeon, and saw 3 of its levels.

You collected 235 gold pieces.

Inventory:

Hand Weapons
 l - a +0 dagger (weapon)
Armour
 a - a +0 robe (worn)
 b - a +0 hat (worn)
Scrolls
 g - 2 scrolls of immolation {unknown}
 j - a scroll of enchant weapon {unknown}
 o - 2 scrolls of random uselessness {unknown}
 p - 8 scrolls of identify {unknown}
 q - a scroll of recharging {unknown}
 t - 2 scrolls of remove curse {unknown}
 u - a scroll of teleportation {unknown}
 v - a scroll of amnesia {unknown}
Potions
 e - 2 potions of haste {unknown}
 f - a potion of cure mutation {unknown}
 h - a potion of resistance {unknown}
 i - a potion of magic {unknown}
 k - a potion of invisibility {unknown}
 n - 2 potions of ambrosia {unknown}
 r - a potion of curing {unknown}
Books
 c - a book of Minor Magic

   Spells                             Type                      Level
   a - Magic Dart                     Conjuration                  1
   b - Blink                          Translocation                2
   c - Call Imp                       Summoning                    2
   d - Repel Missiles                 Charms/Air                   2
   e - Slow                           Hexes                        2
   f - Conjure Flame                  Conjuration/Fire             3
   g - Mephitic Cloud                 Conjuration/Poison/Air       3
Comestibles
 d - 3 bread rations
 m - 2 meat rations
 s - 2 chunks of flesh


   Skills:
 - Level 3.2 Dodging
 - Level 2.4 Stealth
 + Level 5.3 Spellcasting
 + Level 2.5 Conjurations
 - Level 1.1 Summonings
 - Level 1.1 Translocations
 + Level 1.6 Air Magic
 + Level 1.5 Poison Magic


You had 3 spell levels left.
You knew the following spells:

 Your Spells              Type           Power        Failure   Level  Hunger
a - Magic Dart            Conj           ###.         3%          1    None
b - Call Imp              Summ           ##......     12%         2    None
c - Repel Missiles        Chrm/Air       ##....       12%         2    None
d - Blink                 Tloc           N/A          12%         2    None
e - Mephitic Cloud        Conj/Pois/Air  ###.....     14%         3    ##.....


Dungeon Overview and Level Annotations

Branches:
Dungeon (3/15)

Altars:
Nemelex Xobeh
Pakellas


Message History

Aim: an orc priest, wielding a club and wearing a ring mail (heavily wounded)
Okay, then.
Casting: Magic Dart
Confirm with . or Enter, or press ? or * to list all spells.
You don't have enough magic to cast that spell.
Unknown command.
Casting: Magic Dart
Confirm with . or Enter, or press ? or * to list all spells.
Okay, then.
Your crimson imp hits the orc priest but does no damage.
There is a stone staircase leading down here.
Your crimson imp disappears in a puff of smoke!
Your crimson imp hits the orc priest but does no damage.
Your crimson imp blinks!
Your crimson imp hits the orc priest but does no damage.
Your crimson imp closely misses the orc priest.
There is a stone staircase leading up here.
Your crimson imp disappears in a puff of smoke!
The orc hits you.
You die...

.....##..#####.........
.....###.# #.....####
.....# #.# #.....# .....#
#.#####.....#
.....###..##.......#
#............##.##.#
#............#...#.#
#............#...#.#
................@o.#
....#...##)........######
#...#...#...........§o..#
.#..#...#'#.......#.###.###
###.................# #...#
.................########o#
##.##............##...o5..#
..............)..##§#######
......#....).[...##.#


You could see an orc priest and an orc.

Vanquished Creatures
  5 adders (D:3)
  A dart slug (D:1)
  2 giant geckos
  5 orcs (D:3)
  4 bats
  8 giant cockroaches
  7 goblins
  3 hobgoblins
  A jackal (D:3)
  6 kobolds
  2 quokkas (D:2)
  4 giant newts
  6 rats
  A fungus (D:2)
55 creatures vanquished.

Vanquished Creatures (collateral kills)
  A worm (D:3)
1 creature vanquished.

Grand Total: 56 creatures vanquished

Notes
Turn   | Place    | Note
-------+----------+-------------------------------------------
     0 | D:1      | mistymad the Deep Elf Wizard began the quest for the Orb.
     0 | D:1      | Reached XP level 1. HP: 10/10 MP: 7/7
   205 | D:1      | Reached XP level 2. HP: 15/15 MP: 4/9
   683 | D:2      | Learned a level 2 spell: Call Imp
   686 | D:2      | Learned a level 2 spell: Repel Missiles
   693 | D:2      | Learned a level 2 spell: Blink
  1033 | D:2      | Reached skill level 5 in Spellcasting
  1113 | D:2      | Reached XP level 3. HP: 19/19 MP: 6/11
  1164 | D:2      | Learned a level 3 spell: Mephitic Cloud
  1729 | D:3      | Found a sparkling altar of Nemelex Xobeh.
  1756 | D:3      | Reached skill level 1 in Air Magic
  1762 | D:3      | Reached skill level 1 in Poison Magic
  1762 | D:3      | Reached XP level 4. HP: 23/24 MP: 3/13
  1936 | D:3      | Found an oddly glowing altar of Pakellas.
  2334 | D:3      | Slain by an orc

Vault maps used:
D:1:      lightli_arrival_flooded_house
D:2:      first_bread, minmay_gold_behind_fungi
D:3:      nicolae_overflow_hidden_temple, grunt_pakellas_basics

Skill      XL: |  1  2  3 |
---------------+----------+-----
Dodging        | 3 |  3.2
Spellcasting   | 5 |  5.3
Conjurations   | 2 |  2.5
Air Magic      | 1 |  1.6
Poison Magic   | 1 |  1.5
Stealth        | |  2.4
Summonings     | |  1.1
Translocations | |  1.1

Action                   |  1- 3 |  4- 6 || total
-------------------------+-------+-------++-------
Melee: Unarmed           |    13 |       ||    13
       Dagger            |    47 |    13 ||    60
 Cast: Magic Dart        |    90 |    49 ||   139
       Repel Missiles    |     1 |       ||     1
       Mephitic Cloud    |     1 |     1 ||     2
       Call Imp          |       |     4 ||     4
  Eat: Chunk             |     3 |     1 ||     4
Armor: Robe              |    10 |     3 ||    13
Dodge: Dodged            |    25 |     4 ||    29
       Deflected         |     2 |       ||     2
